PECOS
ROSWELL INVADERS @ ALPINE COWBOYS
05/14/2068
 
TOP OF THE 1ST
Mahoning Valley Scrappers batting - Pitching for Tri-City ValleyCats : RHP William Harper
Pitching: RHP William Harper
Batting: RHB B.J. Guffey 0-0: Ball
1-0: Swinging Strike
1-1: Ball
2-1: Ball
3-1: Base on Balls
Batting: RHB Alex Juarez 0-0: Called Strike
0-1: Foul Ball, location: 2F
0-2: 2-RUN HOME RUN (Flyball, 7D, EV 90.0 MPH), Distance : 364 ft
Batting: LHB Luis Benavides 0-0: Ball
1-0: Swinging Strike
1-1: Ground out 2-3 (Groundball, 15S, EV 68.8 MPH)
Batting: RHB Richard Altieri 0-0: Called Strike
0-1: Ball
1-1: Called Strike
1-2: Foul Ball, location: 2F
1-2: Strikes out looking
Batting: LHB Gabe King 0-0: Swinging Strike
0-1: Ball
1-1: Ball
2-1: Swinging Strike
2-2: Strikes out looking
Top of the 1st over - 2 runs, 1 hit, 0 errors, 0 left on base; Mahoning Valley 2 - Tri-City 0
BOTTOM OF THE 1ST
Tri-City ValleyCats batting - Pitching for Mahoning Valley Scrappers : RHP Philip Beggs
Pitching: RHP Philip Beggs
Batting: RHB Kao-tsu Chua 0-0: Ball
1-0: Ball
2-0: SINGLE (Line Drive, 34D, EV 104.4 MPH)
Batting: SHB Teun Beukers 0-0: Ball
1-0: Ball
Kao-tsu Chua steals 2nd base
2-0: Ball
3-0: Called Strike
3-1: Ground out 6-3 (Groundball, 6, EV 79.4 MPH)
Kao-tsu Chua to third
Batting: SHB Eric Greer 0-0: Ball
1-0: Ball
2-0: 2-RUN HOME RUN (Line Drive, 78XD, EV 97.5 MPH), Distance : 422 ft
Batting: RHB Juan Tercero 0-0: Ball
1-0: Ball
2-0: Foul Ball, location: 2F
2-1: Ball
3-1: Fly out, F3 (Popup, 3SF, EV 88.8 MPH)
Batting: SHB Ismael Anzaldua 0-0: Ball
1-0: Ground out 4-3 (Groundball, 4, EV 86.9 MPH)
Bottom of the 1st over - 2 runs, 2 hits, 0 errors, 0 left on base; Mahoning Valley 2 - Tri-City 2
TOP OF THE 2ND
Mahoning Valley Scrappers batting - Pitching for Tri-City ValleyCats : RHP William Harper
Batting: RHB Dennis Bloomer 0-0: Ball
1-0: Ball
2-0: Ball
3-0: Base on Balls
Batting: LHB Edgar Nazario 0-0: Called Strike
0-1: Ball
1-1: Ball
2-1: Called Strike
2-2: Strikes out looking
Batting: RHB Aaron Michael 0-0: Foul Ball, location: 2F
0-1: Ball
1-1: Called Strike
1-2: Strikes out looking
Batting: RHB Victor Ayala 0-0: Called Strike
0-1: Ball
1-1: Ball
2-1: 2-RUN HOME RUN (Flyball, 78XD, EV 104.4 MPH), Distance : 423 ft
Batting: RHB B.J. Guffey 0-0: Ball
1-0: Foul Ball, location: 2F
1-1: SINGLE (Line Drive, 8RS, EV 106.2 MPH)
Batting: RHB Alex Juarez 0-0: Ball
1-0: Called Strike
1-1: Foul Ball, location: 2F
1-2: Ball
2-2: SINGLE (Groundball, 6MD, EV 95.0 MPH)
B.J. Guffey to second
Batting: LHB Luis Benavides 0-0: Called Strike
0-1: Ball
1-1: Foul Ball, location: 2F
1-2: Foul Ball, location: 2F
1-2: Ball
2-2: Ball
3-2: Fly out, F8 (Flyball, 8RS, EV 91.9 MPH)
Top of the 2nd over - 2 runs, 3 hits, 0 errors, 2 left on base; Mahoning Valley 4 - Tri-City 2
BOTTOM OF THE 2ND
Tri-City ValleyCats batting - Pitching for Mahoning Valley Scrappers : RHP Philip Beggs
Batting: RHB Felipe Quezada 0-0: Ball
1-0: Ball
2-0: Called Strike
2-1: SINGLE (Groundball, 34D, EV 97.5 MPH)
Batting: RHB Zack Richard 0-0: Called Strike
0-1: Swinging Strike
0-2: Ball
1-2: Foul Ball, location: 2F
1-2: Foul Ball, location: 2F
1-2: Ball
2-2: Foul Ball, location: 2F
2-2: Foul Ball, location: 2F
2-2: Ball
3-2: Grounds into double play, 4-6-3 (Groundball, 4, EV 101.9 MPH)
Batting: SHB Sergio Munoz 0-0: Fly out, F9 (Flyball, 9D, EV 98.1 MPH)
Bottom of the 2nd over - 0 runs, 1 hit, 0 errors, 0 left on base; Mahoning Valley 4 - Tri-City 2
TOP OF THE 3RD
Mahoning Valley Scrappers batting - Pitching for Tri-City ValleyCats : RHP William Harper
Batting: RHB Richard Altieri 0-0: Ball
1-0: Called Strike
1-1: Ball
2-1: Ball
3-1: Base on Balls
Batting: LHB Gabe King 0-0: Fly out, F9 (Flyball, 8RM, EV 83.1 MPH)
Batting: RHB Dennis Bloomer 0-0: Ball
1-0: Called Strike
1-1: Foul Ball, location: 2F
1-2: Fly out, F3 (Popup, 13, EV 77.5 MPH)
Batting: LHB Edgar Nazario 0-0: Called Strike
0-1: Ball
1-1: Foul Ball, location: 2F
1-2: Ball
2-2: SINGLE (Flyball, 6MD, EV 84.4 MPH)
Richard Altieri to second
Runner from 2nd tries for 3rd, OUT after rundown.
Top of the 3rd over - 0 runs, 1 hit, 0 errors, 1 left on base; Mahoning Valley 4 - Tri-City 2
BOTTOM OF THE 3RD
Tri-City ValleyCats batting - Pitching for Mahoning Valley Scrappers : RHP Philip Beggs
Batting: RHB Luis Echegaray 0-0: Ball
1-0: Foul Ball, location: 2F
1-1: Bunt for hit to 2L - play at first, batter OUT! 2-3
Batting: RHB Kao-tsu Chua 0-0: Ball
1-0: Foul Ball, location: 2F
1-1: Ball
2-1: Swinging Strike
2-2: Fly out, F4 (Line Drive, 4, EV 69.4 MPH)
Batting: SHB Teun Beukers 0-0: Ball
1-0: Foul Ball, location: 2F
1-1: Ball
2-1: SOLO HOME RUN (Flyball, 9LD, EV 108.8 MPH), Distance : 355 ft
Batting: SHB Eric Greer 0-0: Ball
1-0: Ball
2-0: Swinging Strike
2-1: Ground out U3 (Groundball, 34S, EV 73.1 MPH)
Bottom of the 3rd over - 1 run, 1 hit, 0 errors, 0 left on base; Mahoning Valley 4 - Tri-City 3
TOP OF THE 4TH
Mahoning Valley Scrappers batting - Pitching for Tri-City ValleyCats : RHP William Harper
Batting: RHB Aaron Michael 0-0: Fly out, F6 (Popup, 6D, EV 66.2 MPH)
Batting: RHB Victor Ayala 0-0: Swinging Strike
0-1: Ball
1-1: Foul Ball, location: 2F
1-2: Strikes out looking
Batting: RHB B.J. Guffey 0-0: Foul Ball, location: 2F
0-1: Ball
1-1: Called Strike
1-2: Foul Ball, location: 2F
1-2: Ball
2-2: Foul Ball, location: 2F
2-2: Fly out, F7 (Flyball, 7LS, EV 80.0 MPH)
Top of the 4th over - 0 runs, 0 hits, 0 errors, 0 left on base; Mahoning Valley 4 - Tri-City 3
BOTTOM OF THE 4TH
Tri-City ValleyCats batting - Pitching for Mahoning Valley Scrappers : RHP Philip Beggs
Batting: RHB Juan Tercero 0-0: DOUBLE (Groundball, 5L, EV 108.8 MPH)
Batting: SHB Ismael Anzaldua 0-0: Fly out, F7 (Flyball, 78S, EV 86.9 MPH)
Batting: RHB Felipe Quezada 0-0: Called Strike
0-1: Ball
1-1: SINGLE (Line Drive, 78S, EV 91.2 MPH)
Juan Tercero to third
Batting: RHB Zack Richard 0-0: Called Strike
0-1: Called Strike
0-2: Ball
1-2: Foul Ball, location: 2F
1-2: Reached on error, E4 (Groundball, 4S, EV 86.2 MPH)
Juan Tercero scores
Felipe Quezada to second
Batting: SHB Sergio Munoz 0-0: Foul Ball, location: 2F
0-1: Foul Ball, location: 2F
0-2: Fly out, F6 (Popup, 6, EV 80.0 MPH)
Batting: RHB Luis Echegaray 0-0: Ball
1-0: Ball
Wild Pitch!
Felipe Quezada to third
Zack Richard to second
2-0: Fly out, F7 (Flyball, 7, EV 90.0 MPH)
Bottom of the 4th over - 1 run, 2 hits, 1 error, 2 left on base; Mahoning Valley 4 - Tri-City 4
TOP OF THE 5TH
Mahoning Valley Scrappers batting - Pitching for Tri-City ValleyCats : RHP William Harper
Batting: RHB Alex Juarez 0-0: Ball
1-0: Ball
2-0: Called Strike
2-1: Ball
3-1: Foul Ball, location: 2F
3-2: Strikes out looking
Batting: LHB Luis Benavides 0-0: Ball
1-0: Foul Ball, location: 2F
1-1: Called Strike
1-2: Foul Ball, location: 2F
1-2: Fly out, F3 (Line Drive, 3, EV 67.5 MPH)
Batting: RHB Richard Altieri 0-0: Called Strike
0-1: Foul Ball, location: 2F
0-2: Strikes out looking
Top of the 5th over - 0 runs, 0 hits, 0 errors, 0 left on base; Mahoning Valley 4 - Tri-City 4
BOTTOM OF THE 5TH
Tri-City ValleyCats batting - Pitching for Mahoning Valley Scrappers : RHP Philip Beggs
Batting: RHB Kao-tsu Chua 0-0: Foul Ball, location: 2F
0-1: Ground out 5-3 (Groundball, 56S, EV 86.2 MPH)
Batting: SHB Teun Beukers 0-0: Called Strike
0-1: Foul Ball, location: 2F
0-2: Foul Ball, location: 2F
0-2: Ground out U3 (Groundball, 34, EV 105.0 MPH)
Batting: SHB Eric Greer 0-0: Ball
1-0: Ball
2-0: Called Strike
2-1: SOLO HOME RUN (Flyball, 9D, EV 101.9 MPH), Distance : 370 ft
Pitching: LHP Victor Romero
Batting: RHB Juan Tercero 0-0: Called Strike
0-1: Called Strike
0-2: Ball
1-2: Ball
2-2: Ball
3-2: Fly out, F7 (Line Drive, 7D, EV 88.8 MPH)
Bottom of the 5th over - 1 run, 1 hit, 0 errors, 0 left on base; Mahoning Valley 4 - Tri-City 5
TOP OF THE 6TH
Mahoning Valley Scrappers batting - Pitching for Tri-City ValleyCats : RHP William Harper
Batting: LHB Gabe King 0-0: Ball
1-0: Swinging Strike
1-1: Fly out, F8 (Flyball, 78D, EV 107.5 MPH)
Batting: RHB Dennis Bloomer 0-0: Ball
1-0: Ball
2-0: Ball
3-0: Called Strike
3-1: Base on Balls
Batting: LHB Edgar Nazario 0-0: Foul Ball, location: 2F
0-1: Foul Ball, location: 2F
0-2: Ball
1-2: Ball
2-2: Foul Ball, location: 2F
2-2: Strikes out swinging
Batting: RHB Aaron Michael 0-0: Ball
1-0: Called Strike
1-1: Foul Ball, location: 2F
1-2: Foul Ball, location: 2F
1-2: Fielders Choice at 2nd, 6-4 (Groundball, 6, EV 88.1 MPH)
Top of the 6th over - 0 runs, 0 hits, 0 errors, 1 left on base; Mahoning Valley 4 - Tri-City 5
BOTTOM OF THE 6TH
Tri-City ValleyCats batting - Pitching for Mahoning Valley Scrappers : LHP Victor Romero
Batting: SHB Ismael Anzaldua 0-0: Ball
1-0: Swinging Strike
1-1: Foul Ball, location: 2F
1-2: Strikes out swinging
Batting: RHB Felipe Quezada 0-0: Ball
1-0: Ball
2-0: Ball
3-0: Called Strike
3-1: Base on Balls
Batting: RHB Zack Richard 0-0: Fielders Choice at 2nd, 6-4 (Groundball, 6, EV 106.9 MPH)
Batting: SHB Sergio Munoz 0-0: Ball
1-0: Foul Ball, location: 2F
1-1: Ball
2-1: Ball
3-1: SINGLE (Groundball, 56D, EV 98.1 MPH)
Zack Richard to second
Batting: RHB Luis Echegaray 0-0: Called Strike
0-1: Swinging Strike
0-2: Ball
1-2: Ball
2-2: Ground out 5-3 (Groundball, 56, EV 106.2 MPH)
Bottom of the 6th over - 0 runs, 1 hit, 0 errors, 2 left on base; Mahoning Valley 4 - Tri-City 5
TOP OF THE 7TH
Mahoning Valley Scrappers batting - Pitching for Tri-City ValleyCats : RHP William Harper
Batting: RHB Victor Ayala 0-0: Fly out, F5 (Line Drive, 5, EV 75.0 MPH)
Batting: RHB B.J. Guffey 0-0: Called Strike
0-1: Foul Ball, location: 2F
0-2: Ground out 2-3 (Groundball, 2L, EV 75.6 MPH)
Batting: RHB Alex Juarez 0-0: Fly out, F9 (Line Drive, 9, EV 88.1 MPH)
Top of the 7th over - 0 runs, 0 hits, 0 errors, 0 left on base; Mahoning Valley 4 - Tri-City 5
BOTTOM OF THE 7TH
Tri-City ValleyCats batting - Pitching for Mahoning Valley Scrappers : LHP Victor Romero
Batting: RHB Kao-tsu Chua 0-0: Fly out, F8 (Line Drive, 8LM, EV 98.1 MPH)
Batting: SHB Teun Beukers 0-0: Called Strike
0-1: Foul Ball, location: 2F
0-2: Foul Ball, location: 2F
0-2: Ball
1-2: Ball
2-2: Foul Ball, location: 2F
2-2: Foul Ball, location: 2F
2-2: Ball
3-2: SINGLE (Groundball, 56S, EV 70.6 MPH) (infield hit)
Batting: SHB Eric Greer 0-0: Called Strike
0-1: Ball
1-1: Ball
2-1: Swinging Strike
2-2: Strikes out swinging
Batting: RHB Juan Tercero 0-0: Ball
1-0: Called Strike
1-1: Swinging Strike
1-2: Strikes out swinging
Bottom of the 7th over - 0 runs, 1 hit, 0 errors, 1 left on base; Mahoning Valley 4 - Tri-City 5
TOP OF THE 8TH
Mahoning Valley Scrappers batting - Pitching for Tri-City ValleyCats : RHP William Harper
Pitching: LHP Luca Hollis
Batting: LHB Luis Benavides 0-0: Foul Ball, location: 2F
0-1: Ground out 4-3 (Groundball, 34, EV 106.2 MPH)
Batting: RHB Richard Altieri 0-0: Ball
1-0: Ball
2-0: Fly out, F7 (Flyball, 78S, EV 79.4 MPH)
Batting: LHB Gabe King 0-0: Ball
1-0: Ball
2-0: Called Strike
2-1: Ball
3-1: Base on Balls
Batting: RHB Dennis Bloomer 0-0: Foul Ball, location: 2F
0-1: Ground out 6-3 (Groundball, 56, EV 108.1 MPH)
Top of the 8th over - 0 runs, 0 hits, 0 errors, 1 left on base; Mahoning Valley 4 - Tri-City 5
BOTTOM OF THE 8TH
Tri-City ValleyCats batting - Pitching for Mahoning Valley Scrappers : LHP Victor Romero
Pitching: RHP Javy Santana
Batting: SHB Ismael Anzaldua 0-0: Ball
1-0: Foul Ball, location: 2F
1-1: Foul Ball, location: 2F
1-2: Ball
2-2: Ground out U3 (Groundball, 34, EV 103.1 MPH)
Batting: RHB Felipe Quezada 0-0: Ball
1-0: DOUBLE (Line Drive, 78M, EV 88.8 MPH)
Batting: RHB Zack Richard 0-0: Ground out 6-3 (Groundball, 6S, EV 85.0 MPH)
Batting: SHB Sergio Munoz 0-0: Foul Ball, location: 2F
0-1: Swinging Strike
0-2: Ball
1-2: Ball
2-2: Foul Ball, location: 2F
2-2: Foul Ball, location: 2F
2-2: Ball
3-2: Foul Ball, location: 2F
3-2: Base on Balls
Batting: RHB Luis Echegaray 0-0: Ball
1-0: Ball
2-0: Ball
3-0: Base on Balls
Felipe Quezada to third
Sergio Munoz to second
Batting: RHB Kao-tsu Chua 0-0: Ball
1-0: DOUBLE (Flyball, 8RXD, EV 96.9 MPH)
Felipe Quezada scores
Sergio Munoz scores
Luis Echegaray to third
Runner from 3rd tries for Home, SAFE, no throw by CF
Pitching: RHP Thomas Pellegrine
Batting: SHB Teun Beukers 0-0: Called Strike
Kao-tsu Chua steals 3rd base (no throw)
0-1: Foul Ball, location: 2F
0-2: Ball
1-2: Foul Ball, location: 2F
1-2: Ground out 4-3 (Groundball, 4, EV 88.8 MPH)
Bottom of the 8th over - 3 runs, 2 hits, 0 errors, 1 left on base; Mahoning Valley 4 - Tri-City 8
TOP OF THE 9TH
Mahoning Valley Scrappers batting - Pitching for Tri-City ValleyCats : LHP Luca Hollis
Batting: LHB Edgar Nazario 0-0: Ball
1-0: Ball
2-0: Ground out 6-3 (Groundball, 6M, EV 105.6 MPH)
Batting: RHB Aaron Michael 0-0: Foul Ball, location: 2F
0-1: Fly out, F6 (Line Drive, 6, EV 68.1 MPH)
Batting: RHB Victor Ayala 0-0: Ball
1-0: Ball
2-0: Called Strike
2-1: Ball
3-1: Foul Ball, location: 2F
3-2: Foul Ball, location: 2F
3-2: Strikes out swinging
Top of the 9th over - 0 runs, 0 hits, 0 errors, 0 left on base; Mahoning Valley 4 - Tri-City 8
Friday, June 11th , 2021 - OOTP Baseball 22.6 Build 56